 Dungeon Crawl Stone Soup version 0.26-a0-651-gb41185065b (webtiles) character file.

Game seed: 9196052771123798276

303 Azzok the Insei (level 6, -4/46 HPs)
             Began as a Demonspawn Transmuter on Oct 29, 2020.
             Slain by a hornet zombie (6 damage)
             ... on level 4 of the Dungeon.
             The game lasted 00:03:19 (3022 turns).

Azzok the Insei (Demonspawn Transmuter)             Turns: 3022, Time: 00:03:20

Health: -4/46      AC: 15    Str: 10    XL:     6   Next: 15%
Magic:  10/10      EV: -4    Int: 21    God:
Gold:   193        SH:  0    Dex: 13    Spells: 7/11 levels left

rFire    . . .     SeeInvis .   i - +0 whip (venom)
rCold    . . .     Faith    .   (no shield)
rNeg     . . .     Spirit   .   r - +0 crystal plate armour
rPois    .         Reflect  .   (no helmet)
rElec    .         Harm     .   (no cloak)
rCorr    .         Rampage  .   w - +0 pair of gloves
MR       .....                  (no boots)
Stlth    ..........             (no amulet)
HPRegen  0.15/turn              b - +4 ring of slaying
MPRegen  0.12/turn              (no ring)

@: no status effects
A: demonic guardian 1, powered by pain 1, big brain 2
a: no special abilities


You were on level 4 of the Dungeon.
You visited 1 branch of the dungeon, and saw 4 of its levels.

You collected 193 gold pieces.

Inventory:

Hand Weapons
 i - a +0 whip of venom (weapon)
Armour
 a - a +0 robe
 o - +0 steam dragon scales
 r - a +0 crystal plate armour (worn)
 w - a +0 pair of gloves (worn)
Jewellery
 b - a +4 ring of slaying (left hand)
 p - an uncursed ring of protection from cold {unknown}
 v - an uncursed ring of fire {unknown}
Wands
 u - a wand of flame (15)
 z - a wand of acid (6)
Scrolls
 c - 3 scrolls of identify {unknown}
 g - a scroll of random uselessness {unknown}
 m - a scroll of teleportation {unknown}
 q - a scroll of magic mapping {unknown}
 s - a scroll of enchant weapon {unknown}
 x - 2 scrolls of fog {unknown}
 y - a scroll of blinking {unknown}
Potions
 d - 4 potions of curing {unknown}
 e - 3 potions of degeneration {unknown}
 f - a potion of invisibility {unknown}
 h - a potion of might {unknown}
 j - a potion of brilliance {unknown}
 k - a potion of haste
 l - a potion of heal wounds {unknown}
 n - 2 potions of mutation {unknown}
 t - 2 potions of lignification {unknown}


   Skills:
 + Level 2.4 Fighting
 - Level 1.7 Dodging
 + Level 4.2 Unarmed Combat
 + Level 3.0 Spellcasting
 + Level 3.7 Transmutations


You had 7 spell levels left.
You knew the following spells:

 Your Spells              Type           Power        Failure   Level
a - Beastly Appendage     Tmut           ###...       100%        1
b - Spider Form           Tmut/Pois      ##........   100%        3

Your spell library contained the following spells:

 Spells                   Type           Power        Failure   Level
 Wereblood                Tmut           ###.....     100%        2
 Ice Form                 Ice/Tmut       ##......     100%        4
 Blade Hands              Tmut           ###.......   100%        5


Dungeon Overview and Level Annotations

Branches:
Dungeon (4/15)
 Temple: D:4-7

Altars:
Fedhas


Innate Abilities, Weirdness & Mutations

A weak demonic guardian rushes to your aid.
You sometimes gain a little power by taking damage.
You have an extremely huge brain. (Int +4)


Message History

Your white imp gestures at the hornet zombie.
The puff of frost hits the hornet zombie.
The hornet zombie resists.
Your white imp gestures at the hornet zombie.
The puff of frost hits the hornet zombie.
The hornet zombie resists.
You hit the hornet zombie but do no damage.
The hornet zombie is moderately damaged.
The hornet zombie hits you but does no damage.
Your iron imp closely misses the hornet zombie.
Your white imp barely misses the hornet zombie.
You closely miss the hornet zombie.
The hornet zombie is moderately damaged.
The hornet zombie hits you!
* * * LOW HITPOINT WARNING * * *
Your white imp hits the hornet zombie.
Your white imp freezes the hornet zombie.
The hornet zombie completely resists.
Your iron imp hits the hornet zombie!
The hornet zombie hits you.
You die...

▒·▒ ▒·····▒··▒ · ▒·▒
······▒··▒·
▒·▒▒▒·········' ·
▒·····▒ ····[▒▒ ··
▒·····▒ ▒····· ▒·▒
▒▒····▒▒▒··▒ ··
▒▒·▒·▒▒···▒
▒▒·▒▒·▒▒·▒·▒▒)▒▒▒ ▒▒·
▒········▒)▒▒@5·▒····
▒·▒·······)))Z5·····▒
▒···▒·▒·▒▒▒▒▒5····>·▒
······▒·▒ ▒·▒▒▒▒··· ·
·▒▒ ▒·▒ ··· ·· ▒ ▒·▒
▒▒·▒▒ · ▒·▒ ▒·▒ ▒··
··· ▒▒ ▒▒▒


You could see a hornet zombie, a friendly iron imp (summoned) and 2 friendly
white imps.

Vanquished Creatures
  An ogre (D:4)
  2 hounds (D:4)
  Robin (D:4)
  3 adders
  A worm (D:3)
  A leopard gecko (D:1)
  8 orcs
  4 ball pythons
  3 giant cockroaches
  9 goblins
  8 hobgoblins
  2 quokkas
  14 bats
  7 frilled lizards
  7 kobolds
  6 rats
77 creatures vanquished.

Vanquished Creatures (collateral kills)
  A howler monkey (D:4)
  A worker ant (D:4)
  A goblin (D:4)
  3 hobgoblins (D:4)
6 creatures vanquished.

Grand Total: 83 creatures vanquished

Notes
Turn   | Place    | Note
-------+----------+-------------------------------------------
     0 | D:1      | Azzok the Demonspawn Transmuter began the quest for the
                  | Orb.
     0 | D:1      | Reached XP level 1. HP: 15/15 MP: 3/3
   446 | D:1      | Reached skill level 3 in Unarmed Combat
   447 | D:1      | Gained mutation: You have an unusually large brain. (Int
                  | +2) [demonic ancestry]
   447 | D:1      | Reached XP level 2. HP: 21/21 MP: 5/5
  1145 | D:2      | Reached XP level 3. HP: 26/26 MP: 6/6
  1694 | D:3      | Learned a level 3 spell: Spider Form
  1771 | D:3      | Found a blossoming altar of Fedhas.
  1872 | D:3      | Gained mutation: You have an extremely huge brain. (Int +4)
                  | [demonic ancestry]
  1872 | D:3      | Reached XP level 4. HP: 32/32 MP: 5/7
  2724 | D:4      | Noticed Robin
  2797 | D:4      | Gained mutation: A weak demonic guardian rushes to your
                  | aid. [demonic ancestry]
  2797 | D:4      | Reached XP level 5. HP: 34/38 MP: 8/8
  2889 | D:4      | Reached skill level 4 in Unarmed Combat
  2899 | D:4      | Killed Robin
  2911 | D:4      | Noticed an ogre
  2925 | D:4      | Killed an ogre
  2925 | D:4      | Gained mutation: You sometimes gain a little power by
                  | taking damage. [demonic ancestry]
  2925 | D:4      | Reached XP level 6. HP: 13/46 MP: 10/10
  3022 | D:4      | HP: 2/46 [hornet zombie (8)]
  3022 | D:4      | Slain by a hornet zombie

Illustrated notes

Levels and vault maps discovered:
D:1:      ebering_hopf_link, layout_basic
D:2:      layout_rooms
D:3:      layout_basic, fedhas_altar_4
D:4:      layout_loops_cross, minmay_temple_entry_trees, hex_large,
          chequers_serial_rivers_small_b, hangedman_ru_absence, uniq_robin

Skill      XL: |  1  2  3  4  5 |
---------------+----------------+-----
Transmutations | 2 3 |  3.7
Unarmed Combat | 3 4 |  4.2
Fighting       | 2 |  2.4
Spellcasting   | 3 |  3.0
Dodging        | |  1.7

Action                   |  1- 3 |  4- 6 || total
-------------------------+-------+-------++-------
Melee: Unarmed           |   100 |       ||   100
       Kick              |     6 |       ||     6
       Punch             |     2 |       ||     2
       Whip              |       |   125 ||   125
 Cast: Beastly Appendage |     7 |       ||     7
 Stab: Sleeping          |     2 |       ||     2
       Distracted        |       |     1 ||     1
Armor: Robe              |    24 |       ||    24
       Crystal plate arm |       |   147 ||   147
Dodge: Dodged            |    57 |     6 ||    63

Table legend: (Time is in decaauts)
 A = Elapsed time spent in this place.
 B = Non-inter-level travel time spent in this place.
 C = Inter-level travel time spent in this place.
 D = Time resting spent in this place.
 E = Time spent auto-exploring this place.
 F = Levels seen in this place.
 G = Mean time per level.
                   A        B        C        D        E       F      G
               +--------+--------+--------+--------+--------+-----+--------+
         Total |   3028 |   2951 |     77 |    448 |   1941 |   4 |  757.0 |
       Dungeon |   3028 |   2951 |     77 |    448 |   1941 |   4 |  757.0 |
               +--------+--------+--------+--------+--------+-----+--------+

Top non-repeatable levels by time:
     D:3: 1097 daAuts
     D:1: 1084 daAuts
     D:2: 517 daAuts
     D:4: 327 daAuts
